 Dungeon Crawl Stone Soup version 0.23.2-30-g0e89c35649 (webtiles) character file.

Game seed: 7200234955390932310

539 Kahibar the Ruffian (level 7, -1/55 HPs)
             Began as a Black Draconian Transmuter on June 18, 2019.
             Slain by a gnoll
             ... wielding a cursed -2 whip
              (6 damage)
             ... on level 4 of the Dungeon.
             The game lasted 00:48:39 (6613 turns).

Kahibar the Ruffian (Black Draconian Transmuter)    Turns: 6613, Time: 00:48:40

Health: -1/55      AC:  6    Str: 13    XL:     7   Next: 5%
Magic:  8/11       EV: 10    Int: 15    God:
Gold:   187        SH:  6    Dex: 11    Spells: 9/12 levels left

rFire    + . .     SeeInvis .   l - +0 spear
rCold    . . .     Gourm    .   i - +0 shield
rNeg     . . .     Faith    .   (armour unavailable)
rPois    .         Spirit   .   (helmet restricted)
rElec    +         Reflect  .   (no cloak)
rCorr    .         Harm     .   (no gloves)
MR       .....                  (no boots)
Stlth    +.........             (no amulet)
HPRegen  0.18/turn              u - ring of protection from fire
MPRegen  0.12/turn              (no ring)

@: very slightly contaminated, glowing
A: breathe lightning, unfitting armour, electricity resistance, cold-blooded, AC
+6
a: Breathe Lightning


You were on level 4 of the Dungeon.
You were not hungry.

You visited 1 branch of the dungeon, and saw 4 of its levels.

You collected 187 gold pieces.

Inventory:

Hand Weapons
 l - a +0 spear (weapon)
 p - a +0 hunting sling
Missiles
 a - 27 arrows
 b - 68 sling bullets (quivered)
 g - 84 stones
 n - 19 bolts
Armour
 i - a +0 shield (worn)
Jewellery
 u - a ring of protection from fire (left hand)
Scrolls
 d - a scroll of amnesia {unknown}
 f - 2 scrolls of remove curse
 h - 2 scrolls of identify
 k - 3 scrolls of teleportation
 o - 2 scrolls of random uselessness
 q - a scroll of blinking {unknown}
 t - a scroll of immolation {unknown}
Potions
 e - 2 potions of ambrosia {unknown}
 j - a potion of heal wounds {unknown}
 m - a potion of agility {unknown}
 s - a potion of magic {unknown}
Comestibles
 c - 8 rations


   Skills:
 + Level 2.3 Fighting
 + Level 3.2 Polearms
 + Level 3.4 Dodging
 + Level 0.8 Stealth
 + Level 4.0 Unarmed Combat
 * Level 3.2 Spellcasting
 + Level 3.7 Transmutations


You had 9 spell levels left.
You knew the following spells:

 Your Spells              Type           Power        Failure   Level  Hunger
a - Beastly Appendage     Tmut           ##....       28%         1    #......
b - Sticks to Snakes      Tmut           ##......     41%         2    ##.....

Your spell library contained the following spells:

 Spells                   Type           Power        Failure   Level  Hunger
 Summon Small Mammal      Summ           #...         80%         1    #......
 Spider Form              Tmut/Pois      #.........   88%         3    ###....
 Call Imp                 Summ           #.......     90%         2    ##.....
 Call Canine Familiar     Summ           #.......     99%         3    ###....
 Summon Guardian Golem    Hex/Summ       #.......     99%         3    ###....
 Ice Form                 Ice/Tmut       #.......     99%         4    #####..
 Summon Ice Beast         Ice/Summ       #.......     100%        4    #####..
 Summon Lightning Spire   Summ/Air       #.......     100%        4    #####..
 Blade Hands              Tmut           ##........   100%        5    ######.


Dungeon Overview and Level Annotations

Branches:
Dungeon (4/15)
 Temple: D:4-7

Altars:
Dithmenos
Kikubaaqudgha


Innate Abilities, Weirdness & Mutations

You can breathe wild blasts of lightning.
Your glossy black scales are hard. (AC +6)
You cannot fit into any form of body armour.
You are resistant to electric shocks. (rElec)
You are cold-blooded and may be slowed by cold attacks.


Message History

The gnoll hits you with a cursed -2 whip!
You hit the gnoll. You tail-slap the gnoll.
The gnoll is heavily wounded.
The hound bites you. x2
The gnoll hits you with a cursed -2 whip!
* * * LOW HITPOINT WARNING * * *
You hit the gnoll.
The gnoll is almost dead.
You block the hound's attack. The gnoll hits you but does no damage.
The hound bites you.
* * * LOW HITPOINT WARNING * * *
You hit the gnoll but do no damage.
The gnoll is almost dead.
The hound barely misses you. The gnoll closely misses you.
You closely miss the gnoll.
Your tail-slap misses the gnoll.
The gnoll is almost dead.
The hound bites you.
* * * LOW HITPOINT WARNING * * *
The gnoll hits you with a cursed -2 whip.
You die...

##.
.######..##.....<#######
#.. ............###...#
.. .#....##..####
###...# #.# .#.. ##.##
##.# ..# #.# ##..# ...
#.# #.#####..## #.. ..#
#.......## #.. .#
#.......######### ..
.#######.......h@gg.....
.֠............#########
.#######.......# .#
#.......# ## #.......#
#########


You could see a hound and 2 gnolls.

Vanquished Creatures
  An ogre (D:4)
  A water moccasin zombie (D:2)
  2 hounds
  A gnoll shaman (D:4)
  Natasha (twice) (D:4)
  A worker ant (D:4)
  Terence (D:3)
  6 adders
  5 gnolls
  2 oozes (D:1)
  3 worms
  4 dart slugs
  4 leopard geckos
  2 orcs (D:3)
  12 bats
  6 giant cockroaches
  9 goblins
  5 hobgoblins
  2 jackals (D:3)
  2 quokkas
  5 ball pythons
  6 frilled lizards
  9 kobolds
  A leopard gecko skeleton (D:4)
  11 rats
103 creatures vanquished.

Notes
Turn   | Place    | Note
-------+----------+-------------------------------------------
     0 | D:1      | Kahibar the Draconian Transmuter began the quest for the
                  | Orb.
     0 | D:1      | Reached XP level 1. HP: 16/16 MP: 3/3
   332 | D:1      | Reached XP level 2. HP: 20/23 MP: 3/5
   930 | D:1      | Reached XP level 3. HP: 18/28 MP: 4/6
  1528 | D:2      | Reached XP level 4. HP: 23/35 MP: 5/7
  1746 | D:2      | Reached skill level 4 in Unarmed Combat
  2142 | D:2      | Reached XP level 5. HP: 38/40 MP: 8/8
  2285 | D:2      | Reached skill level 1 in Polearms
  3243 | D:2      | Learned a level 2 spell: Sticks to Snakes
  4503 | D:3      | Found a shadowy altar of Dithmenos.
  4504 | D:3      | Noticed Terence
  4522 | D:3      | Killed Terence
  4522 | D:3      | Reached XP level 6. HP: 37/48 MP: 8/10
  4688 | D:3      | Found an ancient bone altar of Kikubaaqudgha.
  5784 | D:4      | Noticed Natasha
  5804 | D:4      | Killed Natasha
  6314 | D:4      | Noticed Natasha
  6339 | D:4      | Killed Natasha
  6601 | D:4      | Your scales start taking on a glossy black colour.
  6601 | D:4      | Reached XP level 7. HP: 41/55 MP: 11/11
  6601 | D:4      | Gained mutation: You are resistant to electric shocks.
                  | (rElec) [Black Draconian growth]
  6613 | D:4      | Slain by a gnoll

Skill      XL: |  1  2  3  4  5  6 |
---------------+-------------------+-----
Dodging        | 2 3 |  3.4
Transmutations | 3 |  3.7
Unarmed Combat | 4 |  4.0
Polearms       | 2 3 |  3.2
Fighting       | 2 |  2.3
Spellcasting   | 3 |  3.2
Stealth        | |  0.8

Action                   |  1- 3 |  4- 6 |  7- 9 || total
-------------------------+-------+-------+-------++-------
Melee: Unarmed           |    94 |       |       ||    94
       Kick              |    13 |    30 |       ||    43
       Headbutt          |     5 |    20 |       ||    25
       Tailslap          |     7 |    40 |     1 ||    48
       Punch             |     1 |     1 |       ||     2
       Spear             |       |   422 |    10 ||   432
 Cast: Beastly Appendage |    22 |    39 |       ||    61
       Sticks to Snakes  |       |     3 |     1 ||     4
  Use: Scroll            |       |     3 |       ||     3
 Stab: Sleeping          |       |     1 |       ||     1
  Eat: Chunk             |     2 |    11 |       ||    13
       Ration            |       |     2 |       ||     2
Armor: Skin              |    18 |   111 |     3 ||   132
Dodge: Dodged            |    81 |   253 |     5 ||   339
Block: Shield            |       |    12 |     5 ||    17
